 Dungeon Crawl Stone Soup version 0.29-a0-111-gbaf749a769 (webtiles) character file.

Game seed: 12108505148601242257

331 kae the Insei (level 6, -1/78 HPs)
             Began as a Draconian Transmuter on Feb 17, 2022.
             Succumbed to an orc's poison
             ... on level 3 of the Dungeon.
             The game lasted 00:01:55 (2898 turns).

kae the Insei (Draconian Transmuter)                Turns: 2898, Time: 00:01:55

Health: -1/78      AC: 23    Str: 12    XL:     6   Next: 26%
Magic:  7/10       EV:  2    Int: 13    God:
Gold:   91         SH:  0    Dex: 14    Spells: 2/10 levels left

rFire   . . .      SeeInvis .     - Unarmed
rCold   . . .      Faith    .   (no shield)
rNeg    . . .      Spirit   .   (armour unavailable)
rPois   +          Reflect  .   (helmet currently unavailable)
rElec   .          Harm     .   (cloak currently unavailable)
rCorr   .          Rampage  .   (gloves currently unavailable)
Will    .....      NoTele   +   (boots currently unavailable)
Stlth   ++........              (no amulet)
HPRegen 0.23/turn               (no ring)
MPRegen 0.12/turn               (no ring)

@: lethally poisoned (-1 -> -11), tree-form
A: stationary, stasis, torment immunity, boosted hp, AC +6, unfitting armour,
(cold-blooded), thin skeletal structure 1, dopey 1, (poison resistance), robust
1
a: no special abilities


You were on level 3 of the Dungeon.
You were a tree.
You visited 1 branch of the dungeon, and saw 3 of its levels.

You collected 91 gold pieces.

Inventory:

Armour
 c - a +0 pair of gloves (melded)
 f - a +0 cloak (melded)
Wands
 h - a wand of iceblast (9)
Scrolls
 b - 2 scrolls of identify
Potions
 d - a potion of mutation


   Skills:
 + Level 2.3 Fighting
 + Level 2.5 Dodging
 * Level 4.3 Unarmed Combat
 + Level 2.7 Spellcasting
 * Level 3.8 Transmutations
 * Level 0.4 Ice Magic
 - Level 2.0 Poison Magic


You had 2 spell levels left.
You knew the following spells:

 Your Spells              Type           Power      Damage    Failure   Level
a - Beastly Appendage     Tmut           22%        N/A       4%          1
b - Spider Form           Tmut/Pois      9%         N/A       22%         3
c - Ice Form              Ice/Tmut       7%         N/A       69%         4

Your spell library contained the following spells:

 Spells                   Type           Power      Damage    Failure   Level
 Wereblood                Tmut           11%        N/A       8%          2
 Static Discharge         Conj/Air       1%         N/A       34%         2
 Ignite Poison            Fire/Tmut/Pois 6%         N/A       32%         3
 Mephitic Cloud           Conj/Pois/Air  3%         N/A       47%         3
 Petrify                  Tmut/Erth      6%         N/A       71%         4
 Freezing Cloud           Conj/Ice/Air   1%         6-21      99%         5
 Metabolic Englaciation   Hex/Ice        1%         N/A       99%         5
 Lightning Bolt           Conj/Air       0%         1d11      100%        5
 Statue Form              Tmut/Erth      4%         N/A       100%        6
 Maxwell's Capacitive Co  Air            0%         ∞         100%        8


Dungeon Overview and Level Annotations

Branches:
Dungeon (3/15)

Altars:

Annotations:
D:2 1 runed translucent door, Crazy Yiuf


Innate Abilities, Weirdness & Mutations

You are a tree.
Your roots penetrate the ground, keeping you stationary.
You cannot be teleported.
You are immune to unholy pain and torment.
Your maximum health is greatly increased.
Your equipment is partially melded.
((Your plain brown scales are hard. (AC +6)))
You cannot fit into any form of body armour.
((You are cold-blooded and may be slowed by cold attacks.))
You have a somewhat thin skeletal structure. (Dex +2, Stealth+)
You are dopey. (Int -2)
((Your system is resistant to poisons. (rPois)))
You are robust. (+10% HP)


Message History

The orc priest is heavily wounded.
* * * LOW HITPOINT WARNING * * *
You feel very sick. The orc closely misses you.
The orc priest completely misses you.
You barely miss the orc priest.
The orc priest is heavily wounded.
* * * LOW HITPOINT WARNING * * *
You feel sick. The orc closely misses you.
The orc priest hits you but does no damage.
Your transformation is almost over.
* * * LOW HITPOINT WARNING * * *
You feel sick.
Unknown command.
Okay, then.
* * * LOW HITPOINT WARNING * * *
You feel sick.
You feel sick.
You kill the orc priest!
You feel sick.
You feel sick.
You feel sick.
Found 12 gold pieces.
You feel sick.
You are no longer poisoned.
Your transformation has ended.
Your +0 cloak unmelds from your body.
Your +0 pair of gloves unmelds from your body.
As you read the scroll labelled JUITHR HIANOSER, it crumbles to dust.
It is a scroll of enchant weapon.
You aren't carrying any weapons that can be enchanted.
It was a potion of mutation.
You feel extremely strange.
You feel robust.
Your bones become slightly less dense.
You feel stupid.
You feel resistant to poisons.
The orc hits you from afar with a +2 trident of venom.
* * * LOW HITPOINT WARNING * * *
You are lethally poisoned!
It was a potion of lignification.
You turn into a tree.
Your +0 cloak melds into your body.
Your +0 pair of gloves melds into your body.
Your roots penetrate the ground.
You die...

#.....).........####..######.#.#
#####'###.......+.......#..#.#.##
#####)####......#####...#........
.o...o...+......# #...#....#.##
#####.####......# #...#....#.#
..o...# #...o..# #...#....#.#
####### #....o.# #...#....#.# #
#......######..#....#.# #
#......♣....#..#....#.## #
##..........#..#....#..† #
#..$.......#..##.#.#.## #
#############....#.#### #
##))###..... #))...###### #)#...#
#.#...# #.##..#


You could see 2 orcs.

Vanquished Creatures
  Sigmund (D:3)
  2 orc priests (D:3)
  2 adders
  A worm (D:3)
  A dart slug (D:1)
  16 orcs (D:3)
  7 bats
  4 endoplasms
  A giant cockroach (D:3)
  6 goblins
  8 hobgoblins
  4 quokkas
  7 ball pythons
  2 frilled lizards (D:1)
  6 kobolds
  4 rats
72 creatures vanquished.

Notes
Turn   | Place    | Note
-------+----------+-------------------------------------------
     0 | D:1      | kae the Draconian Transmuter began the quest for the Orb.
     0 | D:1      | Reached XP level 1. HP: 16/16 MP: 3/3
   226 | D:1      | Reached XP level 2. HP: 23/23 MP: 1/5
   772 | D:1      | Reached XP level 3. HP: 28/28 MP: 4/6
   776 | D:1      | Learned a level 3 spell: Spider Form
  1119 | D:2      | Found a faded altar of an unknown god.
  1225 | D:2      | Found a runed translucent door.
  1226 | D:2      | Noticed Crazy Yiuf
  1981 | D:3      | Reached skill level 1 in Poison Magic
  1981 | D:3      | Reached XP level 4. HP: 25/36 MP: 3/7
  2477 | D:3      | Noticed Sigmund
  2495 | D:3      | Killed Sigmund
  2496 | D:3      | Reached skill level 4 in Unarmed Combat
  2496 | D:3      | Reached XP level 5. HP: 37/41 MP: 5/9
  2550 | D:3      | Reached XP level 6. HP: 41/48 MP: 8/10
  2576 | D:3      | Learned a level 4 spell: Ice Form
  2890 | D:3      | HP: 2/48 [poisoned by an orc]
  2897 | D:3      | Gained mutation: You are robust. (+10% HP) [potion of
                  | mutation]
  2897 | D:3      | Gained mutation: You have a somewhat thin skeletal
                  | structure. (Dex +2, Stealth+) [potion of mutation]
  2897 | D:3      | Gained mutation: You are dopey. (Int -2) [potion of
                  | mutation]
  2897 | D:3      | Gained mutation: Your system is resistant to poisons.
                  | (rPois) [potion of mutation]
  2897 | D:3      | HP: 1/52 [orc (2)]
  2898 | D:3      | Succumbed to an orc's poison

Illustrated notes

Levels and vault maps discovered:
D:1:      lightli_arrival_statue_moat, layout_loops_ring,
          minmay_misc_feat_secret_circle
D:2:      layout_basic, dreamdust_ecumenical_altar_statues,
          uniq_crazy_yiuf_cottage
D:3:      layout_basic, uniq_sigmund

Skill      XL: |  1  2  3  4 |
---------------+-------------+-----
Dodging        | 2 |  2.5
Transmutations | 3 |  3.8
Poison Magic   | 1 2 |  2.0
Fighting       | 2 |  2.3
Unarmed Combat | 4 |  4.3
Spellcasting   | |  2.7
Ice Magic      | |  0.4

Action                   |  1- 3 |  4- 6 || total
-------------------------+-------+-------++-------
Melee: Unarmed           |   119 |    82 ||   201
       Tailslap          |    15 |     6 ||    21
       Kick              |    13 |     2 ||    15
       Headbutt          |    15 |     3 ||    18
       Punch             |     2 |     1 ||     3
 Cast: Beastly Appendage |    23 |     8 ||    31
       Spider Form       |     2 |     4 ||     6
  Use: Scroll            |     3 |     1 ||     4
       Potion            |       |     5 ||     5
Armor: Skin              |    38 |    15 ||    53
Dodge: Dodged            |    87 |    59 ||   146

Table legend: (Time is in decaauts)
 A = Elapsed time spent in this place.
 B = Non-inter-level travel time spent in this place.
 C = Inter-level travel time spent in this place.
 D = Time resting spent in this place.
 E = Time spent auto-exploring this place.
 F = Levels seen in this place.
 G = Mean time per level.
                   A        B        C        D        E       F      G
               +--------+--------+--------+--------+--------+-----+--------+
         Total |   2883 |   2798 |     85 |      5 |   2264 |   3 |  961.0 |
       Dungeon |   2883 |   2798 |     85 |      5 |   2264 |   3 |  961.0 |
               +--------+--------+--------+--------+--------+-----+--------+

Top non-repeatable levels by time:
     D:1: 1066 daAuts
     D:3: 1008 daAuts
     D:2: 809 daAuts
